 Dungeon Crawl Stone Soup version 0.21.0-3-g78d12a8 (webtiles) character file.

468924 Plasmagod the Bludgeoner (level 23, -1/137 HPs)
             Began as a Gargoyle Gladiator on Jan 12, 2018.
             Was the Champion of Ru.
             Splashed by an acid blob's acid (9 damage)
             ... on level 2 of the Pits of Slime on Jan 14, 2018.
             The game lasted 05:54:35 (43943 turns).

Plasmagod the Bludgeoner (Gargoyle Gladiator)      Turns: 43943, Time: 05:54:36

Health: -1/137     AC: 22    Str: 30    XL:     23   Next: 95%
Magic:  0/23       EV: 16    Int: 11    God:    Ru [******]
Gold:   4466       SH: 22    Dex: 17    Spells: 11/22 levels left

rFire    + . .     SeeInvis .   Z - +10 flail of the Wilderness {crush, *Rage rPois Dex+5}
rCold    + . .     Gourm    .   Y - +5 shield {AC+3}
rNeg     + . .     Faith    .   L - +4 chain mail of Zebrudit {Slay+3}
rPois    ∞         Spirit   +   W - +2 hat
rElec    +         Reflect  .   a - scarf {Spirit}
rCorr    .         Harm     .   N - +2 pair of gloves
MR       .....     Rnd*Rage +   (no boots)
Stlth    ++++......             w - amulet "Vil Luet" {Regen+ Str+4}
HPRegen  0.72/turn              G - +5 ring of strength
MPRegen  0.18/turn              H - +2 ring of slaying

@: corroded, berserk cooldown, slowed, very slow
A: big wings, horns 1, blink, clumsy 2, cold resistance 1, fire resistance 1,
frail 1, negative energy resistance 1, electricity resistance, unbreathing,
petrification resistance, no potion heal 1, rot immunity, hated by all,
cowardly, no hexes magic, no poison magic, no translocations magic, magic
vulnerability 1, unskilled 1, AC +17
}: 4/15 runes: barnacled, silver, abyssal, gossamer
a: Fly, Blink, Draw Out Power, Power Leap, Apocalypse, Renounce Religion


You were on level 2 of the Pits of Slime.
You worshipped Ru.
Ru was exalted by your worship.
You were not hungry.

You visited 8 branches of the dungeon, and saw 41 of its levels.
You visited the Abyss 2 times.
You also visited: Labyrinth, Ice Cave, Volcano and Desolation.

You collected 8204 gold pieces.
You spent 3738 gold pieces at shops.

Inventory:

Hand Weapons
 C - a +3 antimagic demon whip
 Z - the +10 flail of the Wilderness (weapon) {crush, *Rage rPois Dex+5}
   (You found it in the Desolation of Salt)

   It inflicts extra damage upon your enemies.
   It affects your dexterity (+5).
   It protects you from poison.
   It may make you go berserk in combat.
Missiles
 d - 9 throwing nets (quivered)
Armour
 a - a scarf of spirit shield (worn)
 k - the +0 buckler of Nyavu {rPois rF+++}
   (You found it on level 12 of the Dungeon)

   It renders you almost immune to fire.
   It protects you from poison.
 L - the +4 chain mail of Zebrudit (worn) {Slay+3}
   (You found it on level 1 of the Vaults)

   It affects your accuracy and damage with ranged weapons and melee attacks
   (+3).
 N - a +2 pair of gloves (worn)
 W - a +2 hat (worn)
 Y - a +5 shield of protection (worn)
Jewellery
 i - an uncursed ring of see invisible
 w - the amulet "Vil Luet" (around neck) {Regen+ Str+4}
   (You found it in the Desolation of Salt)

   [amulet of regeneration]

   It affects your strength (+4).
   It increases your rate of regeneration.
 G - a +5 ring of strength (left hand)
 H - a +2 ring of slaying (right hand)
Wands
 x - a wand of flame (98)
 z - a wand of scattershot (17)
 F - a wand of disintegration (44)
 M - a wand of acid (25)
 P - a wand of digging (22)
 Q - a wand of paralysis (26)
 R - a wand of polymorph (80)
 U - a wand of iceblast (20)
Scrolls
 e - 12 scrolls of teleportation
 h - a scroll of brand weapon
 p - 7 scrolls of fog
 r - 17 scrolls of remove curse
 s - 4 scrolls of identify
 u - 6 scrolls of enchant armour
 v - 5 scrolls of fear
 B - 11 scrolls of amnesia
 S - 2 scrolls of enchant weapon
 T - 8 scrolls of magic mapping
 V - 3 scrolls of blinking
 X - a scroll of acquirement
Potions
 c - 3 potions of ambrosia
 g - a potion of invisibility
 j - 5 potions of lignification
 l - 4 potions of brilliance
 o - 12 potions of curing
 q - 3 potions of magic
 t - 8 potions of might
 A - 2 potions of resistance
 D - 3 potions of haste
 E - 7 potions of mutation
 K - a potion of agility
Miscellaneous
 J - a lamp of fire
Comestibles
 f - 56 rations


   Skills:
 + Level 18.5 Fighting
 + Level 19.7 Maces & Flails
 - Level 1.6 Throwing
 + Level 12.5 Armour
 + Level 10.5 Dodging
 - Level 17.8 Stealth
 + Level 19.6 Shields
 + Level 0.1 Unarmed Combat
 + Level 0.1 Evocations


You had 11 spell levels left.
You knew the following spells:

 Your Spells              Type           Power        Failure   Level  Hunger
a - Excruciating Wounds   Chrm/Necr      #.........   100%        5    ######.
b - Deflect Missiles      Chrm/Air       #.........   100%        6    #######


Dungeon Overview and Level Annotations

Branches:
Dungeon (15/15)            Temple (0/1) D:5            Lair (6/6) D:8
 Shoals (4/4) Lair:4       Spider (4/4) Lair:4        Slime (2/5) Lair:5
    Orc (2/2) D:10            Elf (3/3) Orc:2        Vaults (5/5) D:13
  Crypt (0/3) Vaults:3     Depths (0/5) D:15

Altars:
Ashenzari
Cheibriados
Elyvilon
Fedhas
Gozag
Makhleb
Nemelex Xobeh
Ru
Trog
Uskayaw
Vehumet
Wu Jian
Zin
The Shining One
Beogh
Jiyva

Shops:
D:11 :   D:14 =   Orc:2 (%*}   Elf:3 ::!=   Shoals:1 [   Vaults:4 =*[*

Portals:
Trove: Vaults:2 (give 7 potions of haste)

Annotations:
D:12 2 runed doors, exclusions: 2 doors and 6 more exclusions
Shoals:4 exclusion: 2 oklob plants


Innate Abilities, Weirdness & Mutations

You are resistant to torment.
Your stone body is resilient. (AC +17)
You are immune to poison.
Your large and strong wings let you fly indefinitely.
You are very clumsy. (Dex -4)
You resist negative energy. (rN+)
You are resistant to electric shocks. (rElec)
You can survive without breathing.
You are immune to petrification.
You are immune to rotting.
You are hated by all.
Your cowardice makes you less effective in combat with threatening monsters.
You cannot study or cast Hexes magic.
You cannot study or cast Poison magic.
You cannot study or cast Translocations magic.
You are slightly vulnerable to magic. (MR-)
You are somewhat unskilled. (-1 Apt)
You have a pair of small horns on your head.
You can translocate small distances at will.
Your flesh is cold resistant. (rC+)
Your flesh is heat resistant. (rF+)
You are frail. (-10% HP)
Potions are less effective at restoring your health.


Message History

The acid blob is stunned by your will and fails to attack.
The acid blob spits acid at you. You block the splash of acid.
The acid blob spits acid at you. The splash of acid hits you!
* * * LOW HITPOINT WARNING * * *
You are splashed with acid!
The acid burns!
* * * LOW HITPOINT WARNING * * *
The acid blob spits acid at you. The splash of acid hits you!
* * * LOW HITPOINT WARNING * * *
You are splashed with acid!
The acid burns!
* * * LOW HITPOINT WARNING * * *
There is a stone staircase leading up here.
Okay, then.
Your system partially rejects the healing.
You feel better. The acid blob spits acid at you. The splash of acid hits you!
You are splashed with acid!
The acid burns!
You die...

#.........
.........#
...#........##
.............#
.......>.....##
..............##
..#............#
#.........@..#
##........J..##
..............#
..............##
......G...........
..#.......#......#
.......<<..#.#.###
..............##
..#...#.........


You could see an acid blob and an eye of draining.

Vanquished Creatures
  An ancient lich (Vaults:4)
  Margery (Vaults:5)
  Nikola (Elf:1)
  Jory (Vaults:4)
  2 profane servitors
  A hellephant (Abyss:3)
  Jorgrun (Shoals:4)
  A Hell Sentinel (Abyss:2)
  A quicksilver dragon (Vaults:5)
  A deep elf blademaster (Elf:1)
  3 titans
  An acid blob (Slime:2)
  A kraken (Shoals:1)
  Kirke (Shoals:3)
  A tentacled starspawn (Abyss:5)
  A sphinx (Vaults:3)
  A tengu reaver (Vaults:4)
  A storm dragon (Vaults:5)
  Donald (Spider:2)
  3 azure jellies
  Ilsuiw (Shoals:4)
  3 fire giants
  5 deep elf sorcerers
  A daeva (Abyss:3)
  13 vault wardens
  5 emperor scorpions
  5 ghost moths
  3 imperial myrmidons (Desolation)
  2 deep elf elementalists (Elf:3)
  5 frost giants
  A war gargoyle (Vaults:5)
  An entropy weaver (shapeshifter) (Elf:1)
  8 stone giants
  12 ironheart preservers
  3 very ugly things
  7 entropy weavers
  5 deep elf demonologists
  7 deep elf annihilators
  2 ettins
  2 spark wasps (Spider:4)
  2 blizzard demons (Abyss:3)
  2 deep elf death magi (Elf:1)
  A minotaur (Lab)
  3 fire dragons
  9 merfolk impalers
  Josephine (Lair:4)
  3 crystal guardians (Desolation)
  6 merfolk javelineers (Shoals:4)
  5 great orbs of eyes
  A green death (Abyss:3)
  5 yaktaur captains
  11 servants of whispers (Desolation)
  2 deep elf high priests
  7 ragged hierophants (Desolation)
  13 hydras
  An ice dragon (Vaults:4)
  7 peacekeepers (Desolation)
  2 rakshasas
  26 vault guards
  3 merfolk avatars
  2 death knights (Vaults:3)
  6 centaur warriors
  A catoblepas (D:13)
  7 ogre magi
  4 merfolk aquamancers
  2 tengu warriors (D:14)
  21 dancing weapons
  27 two-headed ogres
  A satyr (Shoals:4)
  2 orc high priests
  A vampire mage (Abyss:2)
  A hell hog (Abyss:3)
  2 deep troll earth magi
  15 death yaks
  3 thrashing horrors
  2 hell knights (Vaults:5)
  14 deep elf knights
  Nergalle (D:11)
  3 wretched stars
  3 skeletal warriors (Vaults:1)
  19 deep trolls
  A shadow demon (Abyss:2)
  A sixfirhy (Abyss:3)
  A spatial maelstrom (Abyss:2)
  13 sea snakes
  A glowing orange brain (shapeshifter) (Vaults:5)
  3 wizards
  2 flayed ghosts (Vaults:3)
  A tengu zombie (Vaults:4)
  2 phantasmal warriors (Vaults:5)
  13 deep elf archers
  2 unseen horrors
  A quicksilver dragon simulacrum (Abyss:5)
  A glowing orange brain (D:15)
  15 ironbrand convokers
  A kraken simulacrum (Shoals:4)
  18 harpies
  7 necromancers
  A mana viper (shapeshifter) (D:15)
  A shadow dragon zombie (Abyss:3)
  15 orc knights
  46 deep elf magi
  A sphinx zombie (Vaults:3)
  6 orc sorcerers
  A human zombie (Vaults:3)
  A frost giant zombie (Vaults:4)
  26 orb spiders
  2 shining eyes
  11 cyclopes
  4 oklob plants (Lair:4)
  28 wolf spiders
  10 manticores
  An orb spider (shapeshifter) (Vaults:3)
  22 ugly things
  A moth of wrath (Spider:4)
  A frost giant skeleton (Vaults:4)
  A salamander (shapeshifter) (D:15)
  5 fauns
  A rust devil (Abyss:2)
  19 merfolk sirens
  3 guardian serpents (Desolation)
  An apocalypse crab (Abyss:3)
  6 water nymphs
  2 fire giant skeletons
  4 black mambas
  2 guardian serpents (shapeshifter) (Vaults:2)
  13 vault sentinels
  An eye of devastation (Slime:1)
  A spiny frog (shapeshifter) (Vaults:5)
  21 spiny frogs
  A centaur skeleton (D:14)
  4 gargoyles
  2 torpor snails
  An eye of devastation (shapeshifter) (D:15)
  5 smoke demons (Abyss:3)
  An orange demon (Abyss:2)
  3 ice statues (IceCv)
  3 molten gargoyles
  4 rime drakes
  6 komodo dragons
  24 yaktaurs
  11 demonic crawlers
  An ice devil (Abyss:3)
  3 efreet
  An ancient zyme (Abyss:2)
  3 freezing wraiths
  A queen bee (Spider:1)
  6 polar bears
  15 merfolk
  3 meliai (D:15)
  10 hornets
  A hellwing (Abyss:2)
  9 trolls
  32 jumping spiders
  9 tyrant leeches
  72 slime creatures
  7 wind drakes
  2 meliai (shapeshifter)
  11 raiju (Abyss:3)
  15 dream sheep
  Prince Ribbit (D:7)
  63 saltlings (Desolation)
  32 blink frogs
  12 snapping turtles
  14 hippogriffs
  4 shadows
  2 air elementals (Elf:2)
  A flying skull (Abyss:3)
  68 redbacks
  A ynoxinul (Abyss:2)
  12 water elementals
  53 yaks
  13 large abominations
  A yak (shapeshifter) (Vaults:4)
  2 fire bats (Volcano)
  27 tarantellas
  A human (shapeshifter) (Vaults:2)
  9 wraiths
  2 humans
  A basilisk (shapeshifter) (Vaults:1)
  2 fire elementals
  8 hogs
  5 small abominations
  A wyvern (shapeshifter) (D:15)
  A neqoxec (Abyss:3)
  A basilisk (Lair:2)
  2 chaos spawn
  8 vampire mosquitoes
  2 steam dragons (Shoals:3)
  3 hungry ghosts
  5 acid dragons
  7 wargs
  12 water moccasins
  A soldier ant (shapeshifter) (Elf:1)
  10 porcupines
  A water moccasin (shapeshifter) (D:15)
  38 orc warriors
  4 sky beasts
  7 black bears
  A hornet zombie (D:14)
  10 ice beasts
  3 phantoms
  An eye of draining (Slime:2)
  26 ogres
  9 boggarts
  29 centaurs
  An elf skeleton (Vaults:3)
  10 wolves
  11 crocodiles
  3 big kobolds
  An elf zombie (Elf:1)
  28 bullfrogs
  11 earth elementals
  4 scorpions
  A hornet simulacrum (Vaults:1)
  27 killer bees
  14 wights
  7 howler monkeys
  A howler monkey (shapeshifter) (Vaults:4)
  3 electric eels
  6 crimson imps
  7 lava snakes (Volcano)
  17 starcursed masses
  A human simulacrum (Vaults:2)
  An iron imp (Abyss:2)
  7 hounds
  5 jellies
  3 bullfrog zombies
  5 centaur zombies
  2 bullfrog skeletons
  26 orc priests
  4 iguanas
  8 worker ants
  27 orc wizards
  6 lightning spires (Abyss:3)
  A killer bee zombie (D:7)
  A hound skeleton (D:4)
  A mummy (D:5)
  A worker ant zombie (D:7)
  6 gnolls
  16 adders
  6 shadow imps
  2 oozes
  An adder zombie (D:9)
  2 adder skeletons
  8 worms
  A dart slug (D:1)
  3 leopard geckos
  88 orcs
  A ball python (D:1)
  13 bats
  7 giant cockroaches
  11 goblins
  7 hobgoblins
  6 jackals
  6 quokkas
  7 frilled lizards
  28 kobolds
  A leopard gecko skeleton (D:7)
  A quokka skeleton (D:6)
  9 rats
  A butterfly (Lair:5)
  A fungus (Lair:3)
  A lurking horror (Abyss:3)
  A pillar of salt (Elf:2)
  26 plants
  A tentacle (Shoals:4)
1998 creatures vanquished.

Vanquished Creatures (others)
  Asterion (Vaults:2)
  An eldritch tentacle (Abyss:3)
  Nessos (Lair:6)
  A crystal guardian (Desolation)
  A merfolk impaler (Shoals:4)
  2 vault guards (Vaults:5)
  A merfolk avatar (Shoals:4)
  A hell hog (Abyss:3)
  A dancing weapon (Elf:2)
  A deep elf knight (Elf:2)
  A sea snake (Shoals:3)
  3 harpies
  A necromancer (Elf:1)
  A wolf spider (Vaults:1)
  A deep elf mage (Elf:2)
  A manticore (D:15)
  A water nymph (Shoals:4)
  A troll (D:13)
  2 merfolk
  3 saltlings (Desolation)
  2 hornets (Spider:4)
  A snapping turtle (Shoals:4)
  A tarantella (Vaults:2)
  A redback (Spider:4)
  A warg (Orc:1)
  An ice beast (D:15)
  An orc warrior (Elf:2)
  2 sky beasts
  3 boggarts
  A gnoll shaman (D:10)
  3 orc wizards
  A white imp (Abyss:3)
  5 orcs
  A bush (Lair:4)
  29 fungi
  84 plants
  4 starspawn tentacles (Abyss:5)
  11 tentacles
178 creatures vanquished.

Grand Total: 2176 creatures vanquished

Notes
Turn   | Place    | Note
-------+----------+-------------------------------------------
     0 | D:1      | Plasmagod the Gargoyle Gladiator began the quest for the Orb.
     0 | D:1      | Reached XP level 1. HP: 12/12 MP: 1/1
   163 | D:1      | Reached XP level 2. HP: 17/17 MP: 2/2
   336 | D:1      | Reached XP level 3. HP: 22/22 MP: 3/3
   916 | D:2      | Reached XP level 4. HP: 27/27 MP: 4/4
  1722 | D:3      | Found a shattered altar of Ashenzari.
  1785 | D:3      | Reached XP level 5. HP: 32/32 MP: 5/5
  2161 | D:3      | Reached skill level 1 in Armour
  2165 | D:3      | Found a burning altar of Makhleb.
  2261 | D:4      | Reached skill level 5 in Maces & Flails
  2280 | D:4      | Noticed an ogre
  2292 | D:4      | Killed an ogre
  2292 | D:4      | Reached XP level 6. HP: 35/37 MP: 6/6
  2531 | D:4      | Found a sacrificial altar of Ru.
  2539 | D:4      | Became a worshipper of Ru the Awakened
  2746 | D:5      | Entered Level 5 of the Dungeon
  2809 | D:5      | Reached XP level 7. HP: 34/42 MP: 7/7
  3258 | D:5      | Found a staircase to the Ecumenical Temple.
  3347 | D:5      | Found a snail-covered altar of Cheibriados.
  3728 | D:6      | Reached XP level 8. HP: 43/48 MP: 8/8
  3950 | D:6      | Gained mutation: You are hated by all. [Ru sacrifice]
  3950 | D:6      | Reached * piety under Ru
  4082 | D:6      | Reached skill level 5 in Fighting
  4162 | D:6      | Reached skill level 1 in Stealth
  4509 | D:7      | Reached XP level 9. HP: 54/54 MP: 9/9
  4582 | D:7      | Noticed Prince Ribbit
  4615 | D:7      | Killed Prince Ribbit
  5029 | D:7      | Noticed a cyan ugly thing
  5198 | D:7      | Killed a cyan ugly thing
  5198 | D:7      | Reached skill level 5 in Armour
  5559 | D:7      | Reached skill level 10 in Maces & Flails
  5573 | D:7      | Reached XP level 10. HP: 37/60 MP: 10/10
  5583 | D:7      | HP: 1/60 [hog (7)]
  6037 | D:8      | Found a sparkling altar of Nemelex Xobeh.
  6055 | D:8      | Found an ornate altar of the Wu Jian Council.
  6304 | D:8      | Found a white marble altar of Elyvilon.
  6414 | D:8      | Gained mutation: You cannot study or cast Poison magic. [Ru sacrifice]
  6414 | D:8      | Gained mutation: You cannot study or cast Hexes magic. [Ru sacrifice]
  6414 | D:8      | Gained mutation: You cannot study or cast Translocations magic. [Ru sacrifice]
  6414 | D:8      | Reached ** piety under Ru
  6549 | D:8      | Found a staircase to the Lair.
  6736 | D:8      | Found a blossoming altar of Fedhas.
  6999 | D:9      | Noticed a two-headed ogre
  7020 | D:9      | Killed a two-headed ogre
  7085 | D:9      | Found a glowing golden altar of the Shining One.
  7170 | D:9      | Found a bloodstained altar of Trog.
  7170 | D:9      | Found a shattered altar of Ashenzari.
  7268 | D:9      | Found a hide-covered altar of Uskayaw.
  7379 | D:10     | Entered Level 10 of the Dungeon
  7487 | D:9      | Found a radiant altar of Vehumet.
  7538 | D:10     | Reached XP level 11. HP: 64/64 MP: 11/11
  7890 | D:10     | Gained mutation: You are slightly vulnerable to magic. (MR-) [Ru sacrifice]
  7890 | D:10     | Reached *** piety under Ru
  8039 | D:10     | Found a staircase to the Orcish Mines.
  8333 | D:11     | Found Macrirhiomu's Book Boutique.
  8355 | D:11     | Noticed a six-headed hydra
  8358 | D:11     | Found a glowing silver altar of Zin.
  8374 | D:11     | Killed a six-headed hydra
  8415 | D:11     | Found a sacrificial altar of Ru.
  8662 | D:11     | Noticed Nergalle
  8696 | D:11     | Killed Nergalle
  8696 | D:11     | Reached skill level 15 in Maces & Flails
  8891 | D:11     | Got a shimmering rapier
  8892 | D:11     | Identified the +4 rapier "Bousigoi" {vamp, rPois Dex+4 Stlth+} (You found it on level 11 of the Dungeon)
  9177 | D:12     | Noticed a manticore
  9191 | D:12     | Found a runed door.
  9191 | D:12     | Noticed a fire dragon
  9191 | D:12     | Noticed a fire dragon
  9193 | D:12     | Found the +2 shield of Resistance {rF+ rC+ MR+}
  9194 | D:12     | Noticed an ice dragon
  9195 | D:12     | Noticed an ice dragon
  9198 | D:12     | Found a runed door.
  9277 | D:12     | Found a hide-covered altar of Uskayaw.
  9357 | D:12     | Gained mutation: You are clumsy. (Dex -2) [Ru sacrifice]
  9357 | D:12     | Reached **** piety under Ru
  9421 | D:12     | Killed a manticore
  9450 | D:12     | Reached XP level 12. HP: 46/70 MP: 5/12
  9538 | D:12     | Got a twisted buckler
  9539 | D:12     | Identified the cursed +0 buckler of Nyavu {rPois rF+++} (You found it on level 12 of the Dungeon)
  9930 | D:12     | Reached skill level 5 in Dodging
 10301 | D:12     | Noticed a four-headed hydra
 10316 | D:12     | Killed a four-headed hydra
 10316 | D:12     | Reached skill level 1 in Shields
 10520 | D:13     | Noticed a two-headed ogre
 10531 | D:13     | Killed a two-headed ogre
 10643 | D:13     | Gained mutation: Potions are less effective at restoring your health. [potion of mutation]
 10643 | D:13     | Gained mutation: You possess an exceptional clarity of mind. [potion of mutation]
 10643 | D:13     | Gained mutation: Armour fits poorly on your strangely shaped body. [potion of mutation]
 10643 | D:13     | Gained mutation: Your flesh is cold resistant. (rC+) [potion of mutation]
 10644 | D:13     | Lost mutation: You possess an exceptional clarity of mind. [potion of mutation]
 10644 | D:13     | Lost mutation: Armour fits poorly on your strangely shaped body. [potion of mutation]
 10644 | D:13     | Gained mutation: You can translocate small distances at will. [potion of mutation]
 10644 | D:13     | Gained mutation: You have a pair of small horns on your head. [potion of mutation]
 10715 | D:13     | Noticed a five-headed hydra
 10739 | D:13     | Killed a five-headed hydra
 10818 | D:13     | Reached XP level 13. HP: 80/80 MP: 13/13
 10914 | D:12     | Reached skill level 5 in Stealth
 11087 | D:13     | Gained mutation: Your cowardice makes you less effective in combat with threatening monsters. [Ru sacrifice]
 11087 | D:13     | Reached ***** piety under Ru
 11388 | D:13     | Reached skill level 10 in Fighting
 12062 | D:13     | Found a gate to the Vaults.
 12473 | D:14     | Found Sodoxeg's Jewellery Emporium.
 12523 | D:14     | Bought a cursed ring of loudness for 54 gold pieces
 12811 | D:14     | Gained mutation: Your large and strong wings let you fly indefinitely. [Gargoyle growth]
 12811 | D:14     | Reached XP level 14. HP: 90/90 MP: 14/14
 13102 | D:15     | Entered Level 15 of the Dungeon
 13192 | D:15     | Found a labyrinth entrance.
 13218 | Lab      | Entered a labyrinth
 13859 | Lab      | Got a bound iron amulet
 13860 | Lab      | Got a jewelled leather armour
 13861 | Lab      | Identified the +2 leather armour of the Gloaming {*Contam Slay+2 Stlth+} (You took it off a minotaur in a labyrinth)
 13878 | Lab      | Got a scorched copper ring
 13879 | Lab      | Got a faintly humming ring mail
 13901 | D:15     | Identified the ring "Asagiyg" {+Blink MR+ Int+3} (You found it in a labyrinth)
 13903 | D:15     | Identified the amulet of Jetwefag {Harm *Drain rPois Str+2 Dex+3} (You took it off a minotaur in a labyrinth)
 13922 | D:15     | Identified the cursed +1 ring mail of Asmegech {MR+} (You found it in a labyrinth)
 13957 | D:15     | Gained mutation: Your flesh is heat resistant. (rF+) [mutagenic glow]
 14146 | D:15     | Found a staircase to the Depths.
 14814 | Lair:1   | Entered Level 1 of the Lair of Beasts
 15018 | Lair:1   | Found a frozen archway.
 15032 | IceCv    | Entered an ice cave
 15248 | IceCv    | Identified the Papyrus of Enhancements
 15256 | IceCv    | Learned a level 5 spell: Excruciating Wounds
 15261 | IceCv    | Got smoking ice dragon scales
 15262 | IceCv    | Identified the cursed +0 ice dragon scales of the Amoeba {+Inv rF- rC++} (You found it in an ice cave)
 16612 | Lair:3   | Found a dark tunnel.
 16619 | Volcano  | Entered a volcano
 16662 | Volcano  | Reached XP level 15. HP: 85/98 MP: 13/15
 16932 | Volcano  | Found a bloodstained altar of Trog.
 17575 | Lair:2   | Reached skill level 5 in Shields
 17945 | Lair:3   | Reached skill level 10 in Stealth
 18226 | Lair:4   | Found a hole to the Spider Nest.
 18603 | Lair:4   | Found a staircase to the Shoals.
 18754 | Lair:4   | Noticed Josephine
 18768 | Lair:4   | Killed Josephine
 19549 | Lair:5   | Found a viscous altar of Jiyva.
 19549 | Lair:5   | Found a staircase to the Slime Pits.
 19778 | Lair:6   | Entered Level 6 of the Lair of Beasts
 19921 | Lair:6   | Reached XP level 16. HP: 89/107 MP: 13/16
 20166 | Lair:6   | Noticed Nessos
 20181 | Lair:6   | Killed Nessos
 20284 | Lair:6   | Got a shadowed robe
 20285 | Lair:6   | Identified the +0 robe of the Peasants {rC+ Str+3 Int-4 Slay+5} (You found it on level 6 of the Lair of Beasts)
 20842 | Spider:1 | Entered Level 1 of the Spider Nest
 20962 | Spider:1 | Reached skill level 15 in Fighting
 22449 | Spider:2 | Noticed Donald
 22606 | Spider:2 | Killed Donald
 22606 | Spider:2 | Reached XP level 17. HP: 83/113 MP: 12/17
 23509 | Spider:4 | Entered Level 4 of the Spider Nest
 23944 | Spider:4 | Reached skill level 10 in Dodging
 23997 | Spider:4 | Gained mutation: You are somewhat unskilled. (-1 Apt) [Ru sacrifice]
 23997 | Spider:4 | Reached ****** piety under Ru
 25004 | Spider:4 | Reached skill level 15 in Fighting
 25319 | Spider:4 | Got a gossamer rune of Zot
 25585 | Shoals:1 | Entered Level 1 of the Shoals
 25585 | Shoals:1 | Found Voynog's Antique Armour Shoppe.
 25599 | Shoals:1 | Bought a transparent plate armour for 840 gold pieces
 25599 | Shoals:1 | Identified the +3 plate armour of the Good {Dex+3} (You bought it in a shop on level 1 of the Shoals)
 25638 | Shoals:1 | Gained mutation: You are very clumsy. (Dex -4) [mutagenic glow]
 26067 | Shoals:1 | Noticed a kraken
 26112 | Shoals:1 | Killed a kraken
 26112 | Shoals:1 | Reached XP level 18. HP: 66/119 MP: 12/18
 26908 | Shoals:2 | Identified 2 scrolls of acquirement
 26920 | Shoals:2 | Learned a level 6 spell: Deflect Missiles
 27672 | Shoals:3 | Noticed Kirke
 27835 | Shoals:3 | Killed Kirke
 28775 | Shoals:4 | Entered Level 4 of the Shoals
 28775 | Shoals:4 | Noticed Jorgrun
 28876 | Shoals:4 | Killed Jorgrun
 28883 | Shoals:4 | Reached skill level 10 in Shields
 29141 | Shoals:4 | Noticed Ilsuiw
 29194 | Shoals:4 | Killed Ilsuiw
 29292 | Shoals:4 | Reached skill level 10 in Armour
 29845 | Shoals:4 | Reached XP level 19. HP: 125/125 MP: 19/19
 29953 | Shoals:4 | Got a barnacled rune of Zot
 30512 | Orc:1    | Entered Level 1 of the Orcish Mines
 30966 | Orc:2    | Entered Level 2 of the Orcish Mines
 31043 | Orc:2    | Found a staircase to the Elven Halls.
 31108 | Orc:2    | Found a roughly hewn altar of Beogh.
 31274 | Orc:2    | Found Syranips's General Store.
 31274 | Orc:2    | Found Ysug's Weapon Shoppe.
 31274 | Orc:2    | Found Retiuplu's Food Shoppe.
 31278 | Orc:2    | Found Laekalic's Gadget Emporium.
 31562 | Elf:1    | Entered Level 1 of the Elven Halls
 31811 | Elf:1    | Noticed Nikola
 31836 | Elf:1    | Killed Nikola
 31900 | Elf:1    | Found a huge runed gate.
 31900 | Elf:1    | Found a huge runed gate.
 31900 | Elf:1    | Found a huge runed gate.
 31906 | Elf:1    | Found a huge runed gate.
 31906 | Elf:1    | Found a huge runed gate.
 31907 | Elf:1    | Found a huge runed gate.
 31909 | Elf:1    | Found a huge runed gate.
 31910 | Elf:1    | Found a huge runed gate.
 31911 | Elf:1    | Found a huge runed gate.
 32480 | Elf:1    | Identified Kikubaaqudgha's Volume of Darkness
 33033 | Elf:2    | Found a ruined gateway.
 33092 | Desolati | Entered the Desolation of Salt
 33306 | Desolati | Reached skill level 15 in Shields
 33478 | Desolati | Got a pitted flail
 33479 | Desolati | Identified the +10 flail of the Wilderness {crush, *Rage rPois Dex+5} (You found it in the Desolation of Salt)
 33579 | Desolati | Reached XP level 20. HP: 101/131 MP: 14/20
 33706 | Desolati | Identified Huit's Catalogue of Spatial Boosts
 33712 | Desolati | Got a brightly glowing zirconium amulet
 33713 | Desolati | Identified the amulet "Vil Luet" {Regen+ Str+4} (You found it in the Desolation of Salt)
 34201 | Desolati | Identified the Incunabulum of the Snowflakes and Earth
 34601 | Elf:2    | Got an encrusted ring mail
 34602 | Elf:2    | Identified the cursed +1 ring mail of the Turtle {rElec rF- Int+3} (You found it on level 2 of the Elven Halls)
 34605 | Elf:2    | Found a runed gate.
 34606 | Elf:2    | Found a runed gate.
 34606 | Elf:2    | Found a runed gate.
 34989 | Elf:2    | Noticed a Brimstone Fiend
 35242 | Elf:3    | Entered Level 3 of the Elven Halls
 35317 | Elf:3    | Found Ubiosysmiza's Book Emporium.
 35318 | Elf:3    | Found Yxuregel's Distillery.
 35318 | Elf:3    | Found Sucawoc's Book Emporium.
 35324 | Elf:3    | Paralysed by an orc sorcerer for 5 turns
 35332 | Elf:3    | Found Xofuycuj's Jewellery Shoppe.
 35380 | Elf:3    | Bought a potion of might for 68 gold pieces
 35380 | Elf:3    | Bought a potion of haste for 170 gold pieces
 35383 | Elf:3    | Bought a manual of Stealth for 1656 gold pieces
 35586 | Elf:3    | Cast into level 2 of the Abyss (a deep elf demonologist)
 35643 | Abyss:2  | Paralysed by accursed screaming for 1 turns
 35775 | Abyss:2  | Noticed a profane servitor
 35795 | Abyss:2  | Killed a profane servitor
 36037 | Abyss:2  | Reached XP level 21. HP: 137/137 MP: 21/21
 36039 | Elf:3    | Escaped the Abyss
 36075 | Elf:3    | Cast into level 3 of the Abyss (a deep elf sorcerer)
 36144 | Abyss:3  | Noticed a profane servitor
 36185 | Abyss:3  | Killed a profane servitor
 36215 | Abyss:3  | Found a corrupted altar of Lugonu.
 36290 | Abyss:3  | Found a corrupted altar of Lugonu.
 36414 | Abyss:3  | Reached skill level 10 in Dodging
 36716 | Abyss:3  | Got an abyssal rune of Zot
 36799 | Abyss:5  | Entered Level 5 of the Abyss
 36868 | Elf:3    | Escaped the Abyss
 37107 | Vaults:1 | Entered Level 1 of the Vaults
 37998 | Vaults:1 | Identified the +4 chain mail of Zebrudit {Slay+3} (You found it on level 1 of the Vaults)
 38971 | Vaults:2 | Reached XP level 22. HP: 145/145 MP: 22/22
 39026 | Vaults:2 | Paralysed by a great orb of eyes for 5 turns
 39214 | Vaults:2 | Found an opulent altar of Gozag.
 39252 | Vaults:2 | Noticed Asterion
 39269 | Vaults:2 | Killed Asterion
 39287 | Vaults:2 | Found a portal to a secret trove of treasure.
 40071 | Vaults:3 | Found a staircase to the Crypt.
 40215 | Vaults:3 | Reached skill level 15 in Stealth
 40909 | Vaults:3 | Identified the +9 plate armour "Surud Symez" {*Slow rElec Regen+ Dex+3} (You found it on level 3 of the Vaults)
 41425 | Vaults:4 | Found Gozag's Antique Armour Shop.
 41426 | Vaults:4 | Found Gozag's Assorted Antiques.
 41426 | Vaults:4 | Found an opulent altar of Gozag.
 41427 | Vaults:4 | Found Gozag's Assorted Antiques.
 41534 | Vaults:4 | Bought a scorched shield for 950 gold pieces
 41534 | Vaults:4 | Identified the +3 shield of the Louse {*Contam +Blink rC+} (You bought it in a shop on level 4 of the Vaults)
 41588 | Vaults:4 | Noticed Jory
 41610 | Vaults:4 | Killed Jory
 41655 | Vaults:4 | Reached XP level 23. HP: 152/152 MP: 23/23
 41900 | Vaults:4 | Found Orphuqac's Jewellery Boutique.
 42260 | Vaults:5 | Entered Level 5 of the Vaults
 42269 | Vaults:5 | Noticed an ancient lich
 42322 | Vaults:4 | Killed an ancient lich
 42510 | Vaults:5 | Noticed a golden dragon
 42514 | Vaults:5 | Noticed an ancient lich
 42758 | Vaults:5 | Noticed Margery
 42773 | Vaults:5 | Killed Margery
 42857 | Vaults:5 | Got a silver rune of Zot
 42911 | Vaults:5 | Noticed an ancient lich
 43354 | Slime:1  | Entered Level 1 of the Pits of Slime
 43894 | Slime:2  | Gained mutation: You are frail. (-10% HP) [a shining eye]
 43942 | Slime:2  | HP: 1/137 [acid (6)]
 43943 | Slime:2  | Splashed by an acid blob's acid

Skill      XL: |  1  2  3  4  5  6  7  8  9 10 11 12 13 14 15 16 17 18 19 20 21 22 23 |
---------------+----------------------------------------------------------------------+-----
Dodging        | 3 4 6 7 8 9 9 10 | 10.5
Maces & Flails | 4 5 7 8 10 13 15 16 17 18 17 18 19 | 19.7
Fighting       | 3 4 5 6 9 11 13 14 15 15 16 17 18 | 18.5
Armour         | 1 2 4 5 7 8 9 8 10 11 12 | 12.5
Stealth        | 1 2 4 7 9 10 11 11 12 13 16 17 | 17.8
Shields        | 1 3 4 5 7 8 11 15 16 17 18 19 | 19.6
Throwing       | |  1.6
Unarmed Combat | |  0.1
Evocations     | |  0.1

Action                   |  1- 3 |  4- 6 |  7- 9 | 10-12 | 13-15 | 16-18 | 19-21 | 22-24 || total
-------------------------+-------+-------+-------+-------+-------+-------+-------+-------++-------
Melee: Flail             |   109 |   302 |   127 |       |       |       |  1227 |  1010 ||  2775
       Morningstar       |       |       |   330 |   723 |   946 |  1429 |   408 |       ||  3836
       Mace              |       |       |       |   192 |   232 |       |       |       ||   424
       Headbutt          |       |       |       |    15 |   279 |   418 |   578 |   372 ||  1662
       Demon whip        |       |       |       |       |       |   236 |   246 |       ||   482
       Unarmed           |       |       |       |       |       |     5 |       |       ||     5
Throw: Throwing net      |       |       |       |     1 |       |       |       |       ||     1
Invok: Sacrifice Love    |       |       |     1 |       |       |       |       |       ||     1
       Sacrifice Arcana  |       |       |       |     1 |       |       |       |       ||     1
       Sacrifice Purity  |       |       |       |     1 |       |       |       |       ||     1
       Sacrifice Essence |       |       |       |     1 |       |       |       |       ||     1
       Draw Out Power    |       |       |       |     1 |       |     4 |     4 |       ||     9
       Sacrifice Courage |       |       |       |       |     1 |       |       |       ||     1
       Reject Sacrifices |       |       |       |       |     2 |       |       |       ||     2
       Apocalypse        |       |       |       |       |     1 |     4 |     4 |     3 ||    12
       Power Leap        |       |       |       |       |       |     2 |     1 |     3 ||     6
       Sacrifice Skill   |       |       |       |       |       |     1 |       |       ||     1
 Abil: Fly               |       |       |       |       |       |     6 |     2 |     1 ||     9
       Stop Flying       |       |       |       |       |       |     5 |     3 |     1 ||     9
Evoke: Wand              |       |       |       |     2 |    14 |     5 |       |       ||    21
  Use: Scroll            |       |     7 |     1 |    19 |     6 |    11 |     9 |     8 ||    61
       Potion            |       |       |     4 |     4 |     1 |     5 |     9 |     5 ||    28
 Stab: Distracted        |       |       |     2 |     5 |     7 |    16 |    15 |     5 ||    50
       Held in net/web   |       |       |       |     2 |       |       |       |       ||     2
       Invisible         |       |       |       |     7 |    13 |    16 |     4 |     6 ||    46
       Paralysed         |       |       |       |       |     4 |     6 |     8 |    12 ||    30
       Sleeping          |       |       |       |       |    25 |    11 |     1 |    12 ||    49
  Eat: Chunk             |       |     5 |     3 |    10 |    22 |    17 |    16 |    13 ||    86
       Ration            |       |     1 |     2 |     2 |     3 |     5 |     5 |     2 ||    20
Armor: Ring mail         |    77 |   195 |   208 |   352 |   165 |       |       |       ||   997
       Leather armour    |     2 |       |       |       |   178 |   506 |       |       ||   686
       Plate armour      |       |       |       |       |       |   408 |   679 |       ||  1087
       Chain mail        |       |       |       |       |       |       |    44 |   300 ||   344
Dodge: Dodged            |    86 |   298 |   246 |   475 |   430 |   819 |   507 |   243 ||  3104
Block: Buckler           |       |       |       |    33 |   142 |   105 |       |       ||   280
       Shield            |       |       |       |       |       |   887 |  1366 |   756 ||  3009
